AoeStats
← NevErXsTop

Arena

509905220Analyzed
4v4 RM · 4d ago on Sep 28, 2026· 41m 4s· 8 players
Game mode
Random Map
Map size
Large (8 player)
Population
200
Speed
Normal
Resources
Standard
Victory
Conquest
Starting age
Dark Age
Ending age
Imperial Age
RankedLock teamsTeams togetherTeam positionsShared explorationLock speedFull tech treeHidden civsTurbo modeCheats
Victory
Defeat
🇫🇷 Sicilians · France
1355
+12
🇦🇷 Berbers · Argentina
1326
+14
🇪🇸 Varangians · Spain
1321
+14
🇦🇷 Ethiopians · Argentina
1272
+15
🇭🇰 Teutons · Hong Kong SAR China
1283
-14
🇭🇰 Inca · Hong Kong SAR China
1277
-14
🇦🇷 Teutons · Argentina
1276
-14
🇭🇰 Cumans · Hong Kong SAR China
1258
-13
Juanchan
9:56 Feudal Age
9:00 Loom
11:47 Fletching
23:00 Double-Bit Axe
22:58 Horse Collar
26:35 Castle Age
28:09 Wheelbarrow
27:48 Bow Saw
29:07 Heavy Plow
32:06 Stone Mining
32:20 Gold Mining
33:01 Bodkin Arrow
33:16 Vendel Legacy
34:56 Padded Archer Armor
35:06 Forging
34:57 Scale Mail Armor
36:04 Scale Barding Armor
39:34 Chain Barding Armor
Svodoo
10:56 Feudal Age
18:24 Castle Age
17:32 Scale Mail Armor
17:21 Double-Bit Axe
17:27 Horse Collar
19:48 Scale Mail Armor
22:04 Loom
24:24 Arson
26:14 Pikeman
28:33 Squires
29:29 Heavy Plow
33:42 Imperial Age
31:55 Wheelbarrow
33:08 Chain Mail Armor
33:04 Forging
33:28 First Crusade
34:53 Halberdier
37:35 Plate Mail Armor
37:40 Iron Casting
38:02 Conscription
38:26 Elite Serjeant
38:32 Elite Serjeant
luchobruno2349
9:59 Feudal Age
14:26 Castle Age
19:11 Scale Mail Armor
27:41 Gold Mining
27:32 Horse Collar
28:34 Heavy Plow
30:38 Gold Shaft Mining
30:45 Forging
30:50 Chain Mail Armor
32:00 Fletching
32:10 Padded Archer Armor
35:55 Imperial Age
33:47 Bodkin Arrow
34:08 Leather Archer Armor
35:06 Ballistics
34:13 Crossbowman
35:41 Thumb Ring
37:11 Bracer
37:42 Ring Archer Armor
37:42 Arbalester
42:00 Chemistry
Martin14
11:46 Feudal Age
15:11 Castle Age
13:59 Horse Collar
17:31 Loom
19:35 Double-Bit Axe
38:53 Imperial Age
NevErXsTop
9:01 Feudal Age
9:41 Double-Bit Axe
10:35 Loom
10:52 Horse Collar
24:17 Castle Age
22:57 Scale Barding Armor
24:47 Stone Mining
24:49 Gold Mining
30:53 Caravan
34:23 Light Cavalry
35:14 Bloodlines
38:37 Wheelbarrow
37:47 Town Watch
38:13 Bow Saw
38:06 Heavy Plow
40:54 Hand Cart
40:39 Town Patrol
Bear
6:46 Loom
9:10 Feudal Age
15:59 Fletching
24:00 Castle Age
23:41 Scale Barding Armor
23:49 Forging
25:17 Chain Barding Armor
29:33 Iron Casting
31:51 Padded Archer Armor
34:49 Double-Bit Axe
37:08 Bodkin Arrow
39:52 Imperial Age
302
5:47 Loom
8:03 Feudal Age
18:04 Double-Bit Axe
24:46 Castle Age
23:32 Horse Collar
26:31 Wheelbarrow
33:40 Imperial Age
32:17 Stone Mining
32:18 Gold Mining
35:25 Chemistry
35:52 Ballistics
35:59 Fletching
37:19 Bodkin Arrow
40:42 Scale Mail Armor
40:52 Forging
北九州最強ACE
10:00 Feudal Age
14:27 Castle Age
13:31 Loom
13:50 Double-Bit Axe
21:42 Sanctity
21:16 Gold Mining
23:01 Redemption
23:12 Town Watch
Connection lost

Rejoining the realm…

Still unreachable

The connection could not be restored.

Session expired

The server has moved on; the page needs a fresh start.